 Dungeon Crawl Stone Soup version 0.20.1-1-g8b1a95d (webtiles) character file.

366 dvd the Chiller (level 6, -3/48 HPs)
             Began as a Ghoul Ice Elementalist on Oct 13, 2017.
             Slain by Blork the orc
             ... wielding a +0 mace
              (8 damage)
             ... on level 4 of the Dungeon.
             The game lasted 00:12:38 (5000 turns).

dvd the Chiller (Ghoul Ice Elementalist)            Turns: 5000, Time: 00:12:39

Health: -3/48      AC:  3    Str: 12    XL:     6   Next: 68%
Magic:  0/10       EV: 12    Int: 12    God:
Gold:   116        SH:  0    Dex:  9    Spells: 5/11 levels left

rFire    . . .     SeeInvis .   s - +1 whip (venom)
rCold    + . .     Gourm    .   (no shield)
rNeg     + + +     Faith    .   a - +0 robe
rPois    ∞         Spirit   .   (no helmet)
rElec    .         Reflect  .   (no cloak)
rCorr    +         Harm     .   m - +0 pair of gloves
MR       .....                  (no boots)
Stlth    ++........             (no amulet)
Regen    0.0/turn               q - ring of resist corrosion
MPRegen  0.2/turn               (no ring)

@: rotting
A: rotting body, claws 1, carnivore 3, cold resistance 1, negative energy
resistance 3, inhibited regeneration, torment resistance, unbreathing
a: no special abilities


You were on level 4 of the Dungeon.
You were not hungry.

You visited 1 branch of the dungeon, and saw 4 of its levels.

You collected 116 gold pieces.

Inventory:

Hand Weapons
 s - a +1 whip of venom (weapon)
Armour
 a - a +0 robe (worn)
 l - a +0 leather armour
 m - a +0 pair of gloves (worn)
Jewellery
 q - a ring of resist corrosion (left hand)
Scrolls
 e - 3 scrolls of identify {unknown}
 f - 2 scrolls of remove curse {unknown}
 g - 2 scrolls of immolation {unknown}
 j - a scroll of recharging {unknown}
 k - a scroll of teleportation {unknown}
 p - a scroll of magic mapping {unknown}
Potions
 d - a potion of mutation {unknown}
 i - 2 potions of degeneration {unknown}
 n - 2 potions of haste
 o - a potion of curing {unknown}
 r - a potion of cancellation {unknown}
 t - 2 potions of might {unknown}
 u - 2 potions of magic {unknown}
 v - a potion of heal wounds {unknown}
Books
 b - a book of Frost

   Spells                             Type                      Level
   a - Freeze                         Ice                          1
   b - Throw Frost                    Conjuration/Ice              2
   c - Ozocubu's Armour               Charms/Ice                   3
   d - Throw Icicle                   Conjuration/Ice              4
   e - Summon Ice Beast               Ice/Summoning                4
Comestibles
 c - 2 meat rations
 h - a royal jelly


   Skills:
 + Level 1.6 Fighting
 + Level 1.2 Maces & Flails
 + Level 2.4 Dodging
 + Level 3.1 Stealth
 + Level 1.9 Unarmed Combat
 + Level 3.3 Spellcasting
 + Level 1.0 Conjurations
 + Level 5.0 Ice Magic


You had 5 spell levels left.
You knew the following spells:

 Your Spells              Type           Power        Failure   Level  Hunger
a - Freeze                Ice            ##..         3%          1    #......
b - Throw Frost           Conj/Ice       #.....       11%         2    ##.....
c - Ozocubu's Armour      Chrm/Ice       #.......     26%         3    ###....


Dungeon Overview and Level Annotations

Branches:
Dungeon (4/15)
 Temple: D:4-7

Altars:
Nemelex Xobeh
Vehumet

Annotations:
D:4 Blork the orc


Innate Abilities, Weirdness & Mutations

Your body is rotting away.
You thrive on raw meat.
You are immune to poison.
You have sharp fingernails.
You are carnivorous and can eat meat at any time.
Your flesh is cold resistant. (rC+)
You are immune to negative energy. (rN+++)
You do not regenerate when monsters are visible.
You are immune to unholy pain and torment.
You can survive without breathing.


Message History

Casting: Freeze
Confirm with . or Enter, or press ? or * to list all spells.
Aiming: Freeze
Press: ? - help, Shift-Dir - straight line You freeze something.
Something hits you.
Casting: Freeze
Confirm with . or Enter, or press ? or * to list all spells.
Aiming: Freeze
Press: ? - help, Shift-Dir - straight line You freeze something.
Something hits you!
* * * LOW HITPOINT WARNING * * *
Unknown command.
Eat a chunk of flesh? (ye/n/q)
You eat the chunk of flesh.
This raw flesh tastes great!
You hear some strange, mumbled words.
A magic dart appears from out of thin air!
The magic dart hits you!
* * * LOW HITPOINT WARNING * * *
Something hits you!
You die...

##### #...#### #.#....#
########## ... #.#....#
#......#.# .... #.#....#
#......#.# #...#
#.#....###......#.# .g...
#.#.............#.#.g....
#.#.......#@#####.#.#...#
#.#.#####.#{#####.g...g..
#.#.# #.#gg..o.g.......
#.#.#####.#.#######.#....
######...)....................
.......#.#####......#........
...............#........##..##
..............##.........#..#
..............###......#.#..#


You could see 2 gnolls.

Vanquished Creatures
  A hound (D:3)
  2 jellies (D:3)
  A centaur skeleton (D:4)
  A worker ant (D:4)
  Natasha (D:2)
  5 adders
  2 gnolls
  9 oozes
  4 worms (D:2)
  2 dart slugs (D:1)
  A leopard gecko (D:3)
  7 orcs
  3 giant cockroaches
  10 goblins
  4 hobgoblins
  16 kobolds
  A ball python (D:3)
  6 bats
  4 frilled lizards
  5 rats
  2 fungi (D:3)
87 creatures vanquished.

Vanquished Creatures (others)
  A quokka (D:3)
  2 fungi (D:3)
  10 toadstools (D:3)
13 creatures vanquished.

Grand Total: 100 creatures vanquished

Notes
Turn   | Place    | Note
-------+----------+-------------------------------------------
     0 | D:1      | dvd the Ghoul Ice Elementalist began the quest for the Orb.
     0 | D:1      | Reached XP level 1. HP: 14/14 MP: 2/2
   172 | D:1      | Reached XP level 2. HP: 20/20 MP: 0/3
   419 | D:1      | Learned a level 2 spell: Throw Frost
   946 | D:2      | Reached XP level 3. HP: 5/26 MP: 0/5
  2008 | D:2      | Noticed Natasha
  2017 | D:2      | Killed Natasha
  2017 | D:2      | Reached skill level 1 in Unarmed Combat
  2017 | D:2      | Reached skill level 4 in Ice Magic
  2017 | D:2      | Reached XP level 4. HP: 17/32 MP: 1/6
  2373 | D:2      | Learned a level 3 spell: Ozocubu's Armour
  2815 | D:2      | Found a sparkling altar of Nemelex Xobeh.
  3057 | D:3      | Noticed a gnoll sergeant
  3228 | D:3      | Reached XP level 5. HP: 35/38 MP: 0/8
  3311 | D:3      | Found a radiant altar of Vehumet.
  4237 | D:3      | Reached skill level 1 in Fighting
  4241 | D:3      | Reached XP level 6. HP: 31/47 MP: 5/9
  4352 | D:3      | Reached skill level 1 in Maces & Flails
  4367 | D:3      | Reached skill level 5 in Ice Magic
  4854 | D:4      | Reached skill level 1 in Conjurations
  4982 | D:4      | Noticed Blork the orc
  5000 | D:4      | Slain by Blork the orc

Skill      XL: |  1  2  3  4  5  6 |
---------------+-------------------+-----
Dodging        | 2 |  2.4
Spellcasting   | 2 3 |  3.3
Unarmed Combat | 1 |  1.9
Ice Magic      | 4 5 |  5.0
Stealth        | 3 |  3.1
Fighting       | 1 |  1.6
Maces & Flails | 1 |  1.2
Conjurations   | 1 |  1.0

Action                   |  1- 3 |  4- 6 || total
-------------------------+-------+-------++-------
Melee: Unarmed           |    37 |    43 ||    80
       Whip              |       |   103 ||   103
       Punch             |       |     3 ||     3
 Cast: Freeze            |    41 |    63 ||   104
       Throw Frost       |     4 |    26 ||    30
       Ozocubu's Armour  |       |     3 ||     3
 Stab: Sleeping          |     2 |     4 ||     6
  Eat: Chunk             |     6 |    28 ||    34
Armor: Robe              |     7 |    21 ||    28
Dodge: Dodged            |    39 |   114 ||   153
